 Dungeon Crawl Stone Soup version 0.18-a0-1123-gbd92598 (webtiles) character file.

2107 M4edhros the Covert (level 9, 0/53 HPs)
             Began as an Octopode Artificer on Jan 19, 2016.
             Was a Believer of Fedhas.
             Slain by a giant frog skeleton (5 damage)
             ... on level 7 of the Dungeon.
             The game lasted 00:12:11 (7110 turns).

M4edhros the Covert (Octopode Artificer)            Turns: 7110, Time: 00:12:11

Health: 0/53       AC:  1    Str: 10    XL:     9   Next: 28%
Magic:  13/13      EV: 17    Int: 18    God:    Fedhas [**....]
Gold:   498        SH:  0    Dex: 16    Spells: 0 memorised, 8 levels left

rFire  + . .     SeeInvis .     K - +2 rapier (elec)
rCold  . . .     Gourm    .     (no shield)
rNeg   . . .     Faith    .     (helmet restricted)
rPois  .         Spirit   .     l - amulet of dismissal
rElec  .         Dismiss  +     p - +4 ring of dexterity
rCorr  .         Reflect  .     y - ring of protection from fire
SustAt .         Harm     .     N - ring of stealth
MR     .....                    (no ring)
Stlth  +++++++...               (no ring)
                                (no ring)
                                (no ring)
                                (no ring)

@: not resistant to hostile enchantments, extremely stealthy
A: almost no armour, amphibious, 8 rings, constrict 8, camouflage 1, gelatinous
body 1
a: Evolution, Sunlight, Renounce Religion


You were on level 7 of the Dungeon.
You worshipped Fedhas.
Fedhas was pleased with you.
You were near starving.

You visited 2 branches of the dungeon, and saw 8 of its levels.
You also visited: Ossuary.

You collected 498 gold pieces.

Inventory:

Hand Weapons
 a - a +0 short sword
 g - a +0 spear of piercing
 o - a +0 long sword
 x - a +0 hunting sling
 K - a +2 rapier of electrocution (weapon)
Missiles
 z - 246 stones (quivered)
 A - 24 sling bullets
 F - 11 sling bullets of frost
Jewellery
 l - an amulet of dismissal (around mantle)
 p - a +4 ring of dexterity (left tentacle)
 y - a ring of protection from fire (right tentacle)
 N - a ring of stealth (on tentacle)
Wands
 b - a wand of flame (1/48)
 c - a wand of enslavement (14/24)
 d - a wand of random effects (15/48)
 n - a wand of frost (23/48)
Scrolls
 h - a scroll of remove curse
 j - 4 scrolls of identify {unknown}
 q - 2 scrolls of fog {unknown}
 r - a scroll of fear {unknown}
 t - 2 scrolls of teleportation {unknown}
 u - a scroll of blinking {unknown}
 w - a scroll of noise {unknown}
 B - a scroll of enchant armour {unknown}
 D - 2 scrolls of recharging {unknown}
 G - a scroll of enchant weapon {unknown}
 I - a scroll of amnesia {unknown}
 L - a scroll of holy word {unknown}
 O - a scroll of immolation {unknown}
Potions
 e - 2 potions of invisibility
 k - 3 potions of brilliance
 m - a potion of haste
 s - a potion of berserk rage
 v - a potion of might
 E - a potion of lignification
 M - a potion of beneficial mutation {unknown}
 P - a potion of magic
Comestibles
 f - 3 bread rations
 C - a beef jerky
 H - 3 fruits
 J - a slice of pizza


   Skills:
 - Level 1.0 Fighting
 - Level 1.0 Short Blades
 + Level 2.4 Slings
 * Level 7.5 Dodging
 * Level 10.0 Stealth
 + Level 3.4 Invocations
 + Level 6.0 Evocations


You had 8 spell levels left.
You didn't know any spells.

Dungeon Overview and Level Annotations

Branches:
Dungeon (7/15)             Temple (1/1) D:5

Altars:
Ashenzari
Cheibriados
Dithmenos
Elyvilon
Fedhas
Gozag
Kikubaaqudgha
Makhleb
Nemelex Xobeh
Okawaru
Pakellas
Qazlal
Ru
Sif Muna
Trog
Vehumet
Xom
Yredelemnul
Zin
The Shining One

Shops:
D:5 (


Innate Abilities, Weirdness & Mutations

You cannot wear most types of armour.
You are amphibious.
You can wear up to eight rings at the same time.
You can use your tentacles to constrict eight enemies at once.
Your skin changes colour to match your surroundings (Stealth).
Your rubbery body absorbs attacks (AC +1).


Message History

The orc priest hits you with a flail.
* * * LOW HITPOINT WARNING * * *
You are too injured to fight recklessly!
You are too injured to fight recklessly!
You hit the orc priest. Your grab misses the orc priest.
You squeeze the orc priest.
The orc priest is moderately wounded.
The orc priest invokes the aid of Beogh against you.
Something smites you!
* * * LOW HITPOINT WARNING * * *
Unknown command.
Evoke which item? (* to show all) (? for menu, Esc to quit)
Zapping:
c - a wand of enslavement (15/24)
Press: ? - help, Shift-Dir - straight line, f - giant frog skeleton, p - wandering mushroom
Aim: a giant frog skeleton (chance to defeat MR: 85%)
The orc priest is charmed.
This wand has 14 charges left.
The giant frog skeleton hits you.
You die... "I guess I need a new plaything now."
Fedhas appreciates your contribution to the ecosystem.

....###...<.รท....###...######.###
...................#.............
..#..#..###..............f.....(.
..#....## #....##..#..####.......
.........#####.##.##..# #.......
#####.##....##.##.##..# #.......
#.# ###....##[#...########### #.#
#.......ff.......# ..#
...#..Z@$f..#####.. ..
.......o....# .......o.....#
.............# ...............
............#### .......#...##
####.#.##.##


You could see an orc, a giant frog skeleton, 3 friendly wandering mushrooms and
a friendly orc priest.

Vanquished Creatures
  Prince Ribbit (D:5)
  Eustachio (D:6)
  3 slaves (D:7)
  A phantom (D:4)
  A scorpion (D:5)
  A wight (D:7)
  2 crimson imps
  3 hounds
  8 orc wizards
  2 giant frog skeletons
  2 orc priests (D:7)
  Jessica (D:2)
  Terence (D:2)
  6 worker ants
  A hound skeleton (D:4)
  8 mummies (Ossuary)
  3 gnolls (D:4)
  7 adders
  A river rat (D:5)
  2 shadow imps
  An adder skeleton (D:5)
  4 worms
  5 giant geckos
  25 orcs
  A ball python (D:7)
  3 giant cockroaches
  7 goblins
  5 hobgoblins
  5 jackals
  5 quokkas
  A ball python skeleton (D:5)
  8 bats
  2 giant newts
  2 gnoll skeletons (Ossuary)
  A goblin skeleton (D:5)
  2 hobgoblin skeletons (Ossuary)
  4 kobolds
  3 kobold skeletons (Ossuary)
  A kobold zombie (Ossuary)
  A quokka skeleton (D:5)
  A quokka zombie (D:6)
  5 rats
147 creatures vanquished.

Vanquished Creatures (collateral kills)
  Pikel (D:7)
  A water moccasin (D:6)
  An ogre (D:6)
  A giant frog (D:7)
  2 wights (D:7)
  A jelly (D:6)
  2 orc priests (D:5)
  A hound (D:6)
  An orc wizard (D:3)
  A gnoll (D:4)
  A shadow imp (D:7)
  8 orcs
  2 jackals (D:2)
23 creatures vanquished.

Vanquished Creatures (others)
  3 wandering mushrooms
  84 toadstools
87 creatures vanquished.

Grand Total: 257 creatures vanquished

Notes
Turn   | Place    | Note
--------------------------------------------------------------
     0 | D:1      | M4edhros the Octopode Artificer began the quest for the Orb.
     0 | D:1      | Reached XP level 1. HP: 13/13 MP: 3/3
   373 | D:1      | Reached XP level 2. HP: 15/18 MP: 4/4
   640 | D:3      | Reached XP level 3. HP: 8/23 MP: 5/5
   881 | D:3      | Reached XP level 4. HP: 28/28 MP: 6/6
  1256 | D:4      | Reached skill level 4 in Stealth
  1256 | D:4      | Reached XP level 5. HP: 20/33 MP: 7/7
  1584 | D:4      | Noticed a phantom
  1629 | D:4      | Killed a phantom
  1629 | D:4      | Reached skill level 5 in Stealth
  1629 | D:4      | Reached XP level 6. HP: 31/38 MP: 7/9
  2298 | D:4      | Reached skill level 6 in Stealth
  2349 | D:5      | Entered Level 5 of the Dungeon
  2417 | D:5      | Found a radiant altar of Vehumet.
  2420 | D:5      | Found a stormy altar of Qazlal.
  2421 | D:5      | Found a shadowy altar of Dithmenos.
  2421 | D:5      | Found a burning altar of Makhleb.
  2421 | D:5      | Found a blossoming altar of Fedhas.
  2433 | D:5      | Became a worshipper of Fedhas Madash
  2488 | D:5      | Found Zynykh's Weapon Shoppe.
  2504 | D:5      | Found a glowing drain.
  2576 | D:5      | Found a staircase to the Ecumenical Temple.
  2581 | Temple   | Entered the Ecumenical Temple
  2588 | Temple   | Fell from the grace of Fedhas
  2588 | Temple   | Became a worshipper of Xom the Fickle
  2656 | D:5      | Fell from the grace of Xom
  2656 | D:5      | Became a worshipper of Fedhas Madash
  2847 | D:5      | Noticed Prince Ribbit
  2862 | D:5      | Found a sand-covered staircase.
  2869 | Ossuary  | Entered an ossuary
  2910 | Ossuary  | Reached XP level 7. HP: 41/43 MP: 10/10
  2919 | Ossuary  | Reached skill level 5 in Dodging
  3367 | Ossuary  | Gained mutation: You are somewhat resistant to further mutation. [potion of mutation]
  3367 | Ossuary  | Gained mutation: One of your tentacles bears a spike. [potion of mutation]
  3415 | D:5      | Killed Prince Ribbit
  3415 | D:5      | Reached skill level 7 in Stealth
  3430 | D:5      | Reached skill level 5 in Evocations
  3552 | D:4      | XOM: mild Hex miscast
  3590 | D:3      | Reached * piety under Fedhas
  3597 | D:3      | XOM: summons 3 hostile shadow creatures
  3674 | D:3      | XOM: medium Ice miscast
  3785 | D:3      | Reached XP level 8. HP: 17/48 MP: 11/11
  3843 | D:3      | Reached skill level 8 in Stealth
  4076 | D:3      | Found an oddly glowing altar of Pakellas.
  4688 | D:2      | Noticed Terence
  4692 | D:2      | Killed Terence
  4722 | D:2      | XOM: summons 1 hostile demon
  4796 | D:2      | Noticed Jessica
  4824 | D:2      | Killed Jessica
  4824 | D:2      | Reached skill level 1 in Invocations
  4856 | D:2      | XOM: summons 2 hostile demons
  4857 | D:2      | Lost mutation: One of your tentacles bears a spike. [potion of cure mutation]
  4857 | D:2      | Lost mutation: You are somewhat resistant to further mutation. [potion of cure mutation]
  4922 | D:2      | Found a faded altar to an unknown god.
  5676 | D:5      | XOM: mild Conj miscast
  6086 | D:6      | Reached skill level 1 in Slings
  6169 | D:6      | Reached ** piety under Fedhas
  6384 | D:6      | XOM: summons 4 hostile demons
  6529 | D:6      | Noticed Eustachio
  6654 | D:6      | Reached skill level 9 in Stealth
  6815 | D:6      | Killed Eustachio
  6911 | D:7      | Reached XP level 9. HP: 37/53 MP: 13/13
  7015 | D:7      | Noticed Pikel
  7035 | D:7      | Killed Pikel
  7035 | D:7      | Reached skill level 10 in Stealth
  7110 | D:7      | Slain by a giant frog skeleton

Vault maps used:
D:1:      minmay_arrival_stair_chambers, minmay_crystal_water
D:2:      ecumenical_altar_1, uniq_jessica, uniq_terence
D:3:      first_bread, solitary_fountain, grunt_pakellas_salt
D:5:      minitemple, temple_doors_d, serial_shops, shop, enter_ossuary_4,
          portal_sewer_entry_b, uniq_prince_ribbit1
D:6:      uniq_eustachio
D:7:      uniq_pikel
Temple:   nicolae_temple_no_exploring_needed
Ossuary:  ossuary_tomb_3

Action                   |  1- 3 |  4- 6 |  7- 9 || total
-------------------------+-------+-------+-------++-------
Melee: Short sword       |     9 |       |       ||     9
       Spear             |    41 |   125 |   268 ||   434
       Rapier            |       |       |    49 ||    49
Invok: Evolution         |       |       |     6 ||     6
Evoke: Wand              |       |     4 |    11 ||    15
  Use: Scroll            |     1 |       |     1 ||     2
       Potion            |       |     7 |     8 ||    15
 Stab: Sleeping          |     7 |     7 |    20 ||    34
       Distracted        |       |     1 |     2 ||     3
       Confused          |       |       |     1 ||     1
  Eat: Chunk             |       |     1 |     1 ||     2
       Meat ration       |       |     1 |     2 ||     3
       Royal jelly       |       |       |     1 ||     1
